AoeStats
← wayne_king

Arena

509836182Analyzed
1v1 RM · 2d ago on Sep 28, 2026· 36m 59s· 2 players
Game mode
Random Map
Map size
Tiny (2 player)
Population
200
Speed
Normal
Resources
Standard
Victory
Conquest
Starting age
Dark Age
Ending age
Imperial Age
RankedLock teamsTeams togetherTeam positionsShared explorationLock speedFull tech treeHidden civsTurbo modeCheats
Victory
Defeat
🇨🇳 Poles · China
1219
+15
🇦🇺 Saxons · Australia
1198
-15
wayne_king
10:48 Feudal Age
14:48 Castle Age
12:41 Horse Collar
13:11 Double-Bit Axe
15:21 Light Cavalry
16:07 Loom
20:30 Wheelbarrow
20:59 Heavy Plow
22:33 Bow Saw
21:55 Pikeman
24:12 Hand Cart
24:51 Gold Mining
32:18 Imperial Age
30:34 Scale Mail Armor
30:45 Forging
ARM-Dahua
10:05 Feudal Age
14:16 Castle Age
12:30 Double-Bit Axe
12:53 Horse Collar
15:37 Heavy Plow
15:59 Gold Mining
16:22 Bow Saw
19:07 Szlachta Privileges
19:28 Scale Barding Armor
19:40 Stone Mining
20:32 Bloodlines
21:18 Forging
22:09 Husbandry
24:07 Iron Casting
24:57 Loom
25:49 Wheelbarrow
27:18 Chain Barding Armor
36:54 Imperial Age
Connection lost

Rejoining the realm…

Still unreachable

The connection could not be restored.

Session expired

The server has moved on; the page needs a fresh start.